 Dungeon Crawl Stone Soup version 0.29-a0-474-gdfe5cd140f (webtiles) character file.

Game seed: 8303889750083840650

43 Sabo the Insei (level 3, -1/23 HPs)
             Began as an Octopode Transmuter on May 23, 2022.
             Slain by a gnoll
             ... wielding a +0 club
              (4 damage)
             ... on level 2 of the Dungeon.
             The game lasted 00:09:44 (1888 turns).

Sabo the Insei (Octopode Transmuter)                Turns: 1888, Time: 00:09:45

Health: -1/23      AC:  1    Str:  9    XL:     3   Next: 58%
Magic:  5/6        EV: 13    Int: 17    God:
Gold:   104        SH:  0    Dex: 12    Spells: 6/7 levels left

rFire   . . .      SeeInvis .   n - +0 short sword
rCold   + . .      Faith    .   (no shield)
rNeg    . . .      Spirit   .   (helmet currently unavailable)
rPois   .          Reflect  .   (no amulet)
rElec   .          Harm     .   g - ring of protection from cold
rCorr   .          Rampage  .   (no ring)
Will    .....                   (no ring)
Stlth   ++........              (no ring)
HPRegen 0.07/turn               (no ring)
MPRegen 0.10/turn               (no ring)
                                (no ring)
                                (no ring)

@: appendages (expiring)
A: tentacle spike 3, almost no armour, amphibious, 8 rings, camouflage 1,
gelatinous body 1, (nimble swimmer 1), tentacles
a: End Transformation


You were on level 2 of the Dungeon.
One of your tentacles had grown a beastly spike.
You visited 1 branch of the dungeon, and saw 2 of its levels.

You collected 104 gold pieces.

Inventory:

Hand Weapons
 n - a +0 short sword (weapon)
Armour
 c - a +1 hat (melded)
Jewellery
 g - a ring of protection from cold (left tentacle)
Scrolls
 d - a scroll of teleportation {unknown}
 f - a scroll of magic mapping
 h - a scroll of poison {unknown}
 i - a scroll of noise {unknown}
 m - a scroll of identify {unknown}
Potions
 a - a potion of lignification
 e - 2 potions of brilliance {unknown}
 j - a potion of flight {unknown}
 k - a potion of berserk rage {unknown}
 l - a potion of resistance {unknown}


   Skills:
 + Level 1.0 Fighting
 + Level 1.0 Short Blades
 + Level 2.1 Dodging
 + Level 0.8 Stealth
 + Level 3.5 Unarmed Combat
 + Level 2.5 Spellcasting
 + Level 2.2 Transmutations


You had 6 spell levels left.
You knew the following spells:

 Your Spells              Type           Power      Damage    Failure   Level
a - Beastly Appendage     Tmut           18%        N/A       8%          1

Your spell library contained the following spells:

 Spells                   Type           Power      Damage    Failure   Level
 Wereblood                Tmut           9%         N/A       11%         2
 Spider Form              Tmut/Pois      5%         N/A       34%         3
 Ice Form                 Ice/Tmut       5%         N/A       75%         4


Dungeon Overview and Level Annotations

Branches:
Dungeon (2/15)

Altars:


Innate Abilities, Weirdness & Mutations

One of your tentacles has grown a beastly spike.
You cannot wear most types of armour.
You are amphibious.
You can wear up to eight rings at the same time.
Your skin changes colour to match your surroundings (Stealth+).
Your rubbery body absorbs attacks. (AC +1, EV +1)
((You are camouflaged when in or above water. (Stealth+)))
You have tentacles for arms and can constrict up to eight enemies at once.


Message History

2 gnolls come into view.
A gnoll comes into view. It is wielding a +0 club.
The gnoll shouts! x2; You hear a shout!
The gnoll shouts!
You hear an angry hiss.
A gnoll comes into view. It is wielding a +0 spear.
A bat comes into view.
The gnoll barely misses you.
The bat moves out of view.
Casting: Beastly Appendage (safe; 8% risk of failure)
Confirm with . or Enter, or press ? or * to list all spells.
One of your tentacles grows a vicious spike.
Your +1 hat melds into your body.
The gnoll shouts!
The gnoll hits you with a +0 club!
You hit the gnoll. You grab the gnoll.
The gnoll is moderately wounded.
You constrict the gnoll. The gnoll completely misses you.
You hit the gnoll.
You tentacle-slap the gnoll, but do no damage.
The gnoll is moderately wounded.
You constrict the gnoll. The gnoll hits you with a +0 club!
You hit the gnoll.
The gnoll is severely wounded.
You constrict the gnoll. The gnoll barely misses you.
You hit the gnoll.
You pierce the gnoll.
You kill the gnoll!
Your transformation is almost over.
Your Short Blades skill increases to level 1!
You barely miss the gnoll. You grab the gnoll.
You constrict the gnoll, but do no damage.
The gnoll struggles to escape constriction.
You hit the gnoll but do no damage. You constrict the gnoll.
The gnoll escapes!
You hit the gnoll. Your grab misses the gnoll.
Your tentacle-slap misses the gnoll.
The gnoll is lightly wounded.
The gnoll hits you with a +0 flail.
* * * LOW HITPOINT WARNING * * *
The gnoll hits you from afar with a +0 spear.
* * * LOW HITPOINT WARNING * * *
The gnoll hits you with a +0 club.
You die...

.....# .....# ...
...... .. .. .
b#### #g..
################g#
...............g@#
##################


You could see 3 gnolls and a bat.

Vanquished Creatures
  A gnoll (D:2)
  A worm (D:2)
  2 dart slugs (D:1)
  2 ball pythons
  2 endoplasms (D:1)
  2 giant cockroaches
  A hobgoblin (D:1)
  2 quokkas
  3 bats
  A frilled lizard (D:1)
  2 goblins (D:1)
  5 kobolds
  2 rats
26 creatures vanquished.

Notes
Turn   | Place    | Note
-------+----------+-------------------------------------------
     0 | D:1      | Sabo the Octopode Transmuter began the quest for the Orb.
     0 | D:1      | Reached XP level 1. HP: 13/13 MP: 3/3
   331 | D:1      | Reached XP level 2. HP: 18/18 MP: 5/5
  1613 | D:2      | Reached XP level 3. HP: 18/23 MP: 4/6
  1886 | D:2      | Reached skill level 1 in Short Blades
  1888 | D:2      | Slain by a gnoll

Illustrated notes

Levels and vault maps discovered:
D:1:      arrival_zaba_pyramid, layout_basic, minivault_27, nrook_uturn,
          minmay_strange_pillars, minmay_misc_feat_room, minivault_26
D:2:      layout_basic, shapermc_ecumenical_altar_mp_vishouse

Skill      XL: |  1  2  3 |
---------------+----------+-----
Short Blades   | 1 |  1.0
Fighting       | |  1.0
Dodging        | |  2.1
Stealth        | |  0.8
Unarmed Combat | |  3.5
Spellcasting   | |  2.5
Transmutations | |  2.2

Action                   || total
-------------------------++-------
Melee: Dagger            ||    37
       Unarmed           ||     4
       Tentacles         ||    12
       Constrict         ||    14
       Kick              ||    13
       Punch             ||     2
       Short sword       ||    19
 Cast: Beastly Appendage ||    17
  Use: Scroll            ||     1
 Stab: Sleeping          ||     4
Armor: Skin              ||     2
Dodge: Dodged            ||    42

Table legend: (Time is in decaauts)
 A = Elapsed time spent in this place.
 B = Non-inter-level travel time spent in this place.
 C = Inter-level travel time spent in this place.
 D = Time resting spent in this place.
 E = Time spent auto-exploring this place.
 F = Levels seen in this place.
 G = Mean time per level.
                   A        B        C        D        E       F      G
               +--------+--------+--------+--------+--------+-----+--------+
         Total |   1887 |   1887 |      0 |    448 |      0 |   2 |  943.5 |
       Dungeon |   1887 |   1887 |      0 |    448 |      0 |   2 |  943.5 |
               +--------+--------+--------+--------+--------+-----+--------+

Top non-repeatable levels by time:
     D:1: 1590 daAuts
     D:2: 296 daAuts
